Map: King's Cove LE

Players

Clem

  • Race: Terran Terran
  • Spawn Location: 5:00

Stephano - Winner!

  • Race: Zerg Zerg
  • Spawn Location: 11:00

Event: 2019 WCS Summer

VOD

Have the link to the VOD?

Description

Time

  • Played on: July 12, 2019, 7:40 a.m.
  • Length: 15:10

All games in this series

Show
View Real Time Build Order
Export as new Build Order

Clem Terran 

Build Orders: Reaper Expand, Hellion Banshee 

Get SALT Encoding   

  12  0:00  SCV  
  13  0:13  SCV  
  14  0:17  Supply Depot  
  14  0:25  SCV  
  15  0:39  Barracks, SCV  
  16  0:44  Refinery  
  16  0:51  SCV  
  17  1:03  SCV  
  18  1:16  SCV  
  19  1:26  Reaper  
  19  1:28  Orbital Command  
  20  1:42  Command Center  
  20  1:55  SCV  
  20  1:57  Supply Depot  
  20  1:58  Marine  
  22  2:07  SCV  
  23  2:11  Factory  
  23  2:18  Refinery  
  23  2:19  SCV  
  23  2:21  Barracks Reactor  
  24  2:31  SCV  
  25  2:43  SCV  
  26  2:56  Orbital Command, Starport  
  26  3:01  Engineering Bay  
  26  3:04  Hellion  
  26  3:05  Hellion  
  30  3:10  SCV  
  31  3:15  Barracks Tech Lab  
  31  3:25  SCV, Hellion  
  31  3:26  Hellion  
  35  3:27  SCV  
  36  3:38  SCV  
  36  3:39  Supply Depot  
  36  3:42  SCV  
  36  3:46  Banshee, Cloaking Field  
  40  3:50  SCV  
  40  3:54  SCV  
  40  3:55  Hellion  
  44  3:56  Hellion  
  44  4:02  Barracks Tech Lab  
  46  4:04  Supply Depot  
  46  4:05  SCV  
  46  4:06  SCV  
  49  4:17  SCV  
  49  4:18  SCV  
  49  4:20  Marine  
  51  4:28  Stimpack, Supply Depot  
  51  4:29  Banshee, SCV  
  51  4:30  SCV  
  56  4:38  Marine  
  57  4:43  Command Center  
  57  4:44  SCV x2  
  59  4:50  Factory Tech Lab  
  59  4:52  Factory Reactor  
  59  4:55  Marine  
  59  4:56  Barracks, SCV  
  59  4:58  Barracks  
  61  5:02  SCV  
  61  5:06  Supply Depot  
  62  5:10  SCV  
  62  5:13  Marine  
  64  5:14  SCV  
  65  5:25  Engineering Bay x2  
  65  5:26  Starport Reactor  
  65  5:28  SCV  
  64  5:30  SCV  
  64  5:31  Marine  
  59  5:40  Refinery, SCV  
  59  5:41  Refinery  
  57  5:42  SCV  
  57  5:45  Marine  
  57  5:46  Marine  
  57  5:49  Marine  
  60  5:52  SCV, Terran Infantry Weapons Level 1, Terran Infantry Armor Level 1  
  60  5:55  Siege Tank  
  60  5:56  Marine x2  
  66  5:58  SCV  
  66  6:03  Marine x2  
  69  6:04  Medivac  
  69  6:07  Marine, Medivac  
  69  6:11  SCV x2  
  76  6:14  Marine  
  76  6:17  Barracks  
  76  6:18  Barracks  
  74  6:19  Marine  
  74  6:21  Marine  
  74  6:23  SCV x2  
  78  6:29  Combat Shield  
  78  6:31  Marine  
  78  6:32  Marine, Supply Depot  
  80  6:34  Siege Tank  
  80  6:35  Marine, SCV  
  80  6:37  SCV  
  86  6:42  Supply Depot  
  86  6:46  Marine  
  87  6:47  SCV  
  87  6:49  Marine x3, SCV  
  92  6:56  Orbital Command  
  92  6:58  Supply Depot  
  92  7:03  SCV  
  92  7:05  Armory  
  92  7:06  Siege Tank  
  96  7:09  Barracks Reactor x2  
  96  7:10  Marine  
  96  7:14  Marine  
  96  7:15  Marine  
  99  7:16  SCV x2  
  101  7:23  SCV  
  101  7:24  Marine, Supply Depot  
  101  7:25  Marine  
  101  7:26  Supply Depot  
  101  7:28  SCV x2  
  106  7:36  Marine x2  
  106  7:37  SCV, Factory  
  108  7:40  SCV  
  108  7:42  Siege Tank  
  108  7:43  SCV  
  114  7:45  Marine, Refinery  
  114  7:47  Marine  
  114  7:49  Marine x2, SCV  
  119  7:54  Marine  
  119  7:55  Marine  
  119  7:56  Marine  
  119  7:57  SCV x2  
  124  8:01  SCV, Supply Depot  
  124  8:02  Medivac  
  124  8:04  Medivac  
  129  8:06  Terran Infantry Weapons Level 2  
  129  8:10  SCV  
  129  8:11  Terran Infantry Armor Level 2  
  130  8:14  SCV  
  130  8:16  Marine  
  130  8:17  Refinery  
  132  8:22  Factory Tech Lab  
  132  8:23  Siege Tank  
  132  8:24  Marine x3  
  132  8:26  Marine x2  
  140  8:27  Marine  
  141  8:37  Command Center  
  141  8:42  Terran Vehicle Weapons Level 1  
  141  8:53  Supply Depot  
  141  8:56  Marine x5, Supply Depot  
  141  8:57  Siege Tank  
  149  9:04  Siege Tank  
  149  9:14  Marine x3  
  149  9:16  Supply Depot  
  152  9:17  Marine x5  
  152  9:18  Supply Depot  
  152  9:19  Marine  
  102  9:32  Marine x3  
  102  9:34  Marine  
  102  9:35  Marine  
  102  9:36  Widow Mine  
  102  9:37  Barracks  
  109  9:38  Medivac x2  
  109  9:39  Barracks x2, Siege Tank  
  109  9:41  Concussive Shells  
  109  9:42  Marine x3  
  117  9:49  Marine  
  117  9:50  Marine  
  119  9:53  SCV x2  
  119  9:59  Siege Tank, Marine x2  
  125  10:05  Marine x5  
  125  10:06  Planetary Fortress  
  131  10:10  Sensor Tower  
  131  10:13  Marine x2  
  133  10:18  Siege Tank  
  133  10:19  Medivac  
  133  10:20  Medivac  
  140  10:22  Marine  
  140  10:24  SCV x2  
  140  10:27  Barracks Tech Lab x2  
  140  10:28  Barracks Reactor  
  143  10:30  SCV  
  143  10:34  Siege Tank  
  147  10:36  SCV  
  147  10:41  Terran Infantry Weapons Level 3  
  148  10:44  Terran Infantry Armor Level 3  
  148  10:48  Marine x3  
  151  10:50  Refinery  
  151  10:51  Marine x3  
  154  10:58  Medivac  
  154  10:59  Medivac  
  154  11:01  Siege Tank  
  154  11:03  Marauder, Marine x2  
  154  11:04  Marauder  
  165  11:07  Marine  
  165  11:08  Marine  
  165  11:10  Siege Tank  
  169  11:19  Marauder, Marine x5  
  169  11:22  Marine  
  169  11:23  Command Center  
  177  11:27  Marauder  
  177  11:28  Marauder  
  177  11:31  Marine  
  177  11:32  Marine  
  182  11:33  Siege Tank  
  182  11:35  Marine x2  
  182  11:37  Marine  
  182  11:38  Medivac x2  
  192  11:40  Marine x2  
  192  11:41  Marauder  
  192  11:45  Ghost Academy  
  196  11:47  Marine x2  
  196  11:51  Starport  
  195  12:02  Marauder, Marine x2  
  195  12:08  Medivac  
  193  12:11  Refinery, Command Center  
  193  12:13  Marine  
  193  12:14  Marauder, Marine, Medivac  
  179  12:16  Marauder  
  179  12:17  Marine x3  
  179  12:21  Siege Tank  
  164  12:25  Siege Tank  
  164  12:27  Liberator  
  167  12:38  Medivac  
  157  12:45  Marauder  
  157  12:46  Marine  
  157  12:47  Marauder  
  157  12:50  Marine x2  
  157  12:51  Marine x3, Liberator  
  131  12:53  Siege Tank  
  131  12:57  Siege Tank, Marine x3  
  129  13:05  Marine x2  
  121  13:06  Marine, Marauder  
  121  13:08  Marine  
  121  13:12  SCV  
  129  13:19  Marine x4  
  111  13:20  Marine x2  
  111  13:22  SCV  
  111  13:24  Marine  
  111  13:25  Siege Tank  
  114  13:29  Siege Tank  
  117  13:34  Marine x2  
  117  13:37  Command Center  
  117  13:38  Medivac  
  120  13:42  Marine x2  
  120  13:43  Marine x3  
  120  13:47  SCV x2  
  127  13:50  Medivac  
  127  13:55  SCV  
  130  13:58  Ghost x2  
  134  14:03  Ghost  
  134  14:08  Medivac  
  137  14:11  SCV  
  137  14:12  SCV  
  127  14:25  Siege Tank, Marine  
  127  14:27  Marauder x2  
  114  14:32  Marauder, Marine  
  114  14:33  Medivac  
  114  14:38  Medivac  
Show
View Real Time Build Order
Export as new Build Order

Stephano Zerg - Winner!

Build Orders: Hatch First 

Get SALT Encoding   

  12  0:01  Drone  
  13  0:12  Overlord  
  13  0:18  Drone  
  14  0:30  Drone x2  
  16  0:49  Hatchery  
  15  0:52  Drone  
  15  0:56  Drone  
  17  0:59  Drone  
  18  1:10  Extractor  
  17  1:15  Spawning Pool  
  17  1:17  Drone  
  17  1:21  Drone  
  18  1:28  Drone  
  19  1:38  Drone  
  20  1:50  Drone  
  21  2:01  Queen  
  21  2:02  Queen  
  21  2:04  Zergling x4  
  27  2:11  Overlord  
  27  2:14  Drone  
  28  2:31  Drone x2  
  28  2:35  Drone x2  
  28  2:36  Metabolic Boost  
  32  2:39  Queen  
  34  2:47  Drone x2  
  36  2:54  Overlord  
  36  3:16  Drone x6  
  42  3:21  Drone  
  43  3:37  Hatchery, Queen  
  43  3:38  Overlord  
  44  3:55  Overlord x2  
  44  3:56  Queen  
  44  3:57  Zergling x4  
  44  3:58  Zergling x2, Drone x3  
  44  4:02  Overlord  
  52  4:13  Drone  
  52  4:15  Drone  
  52  4:16  Lair  
  54  4:18  Extractor x2  
  54  4:21  Drone  
  54  4:22  Drone  
  54  4:23  Baneling Nest  
  53  4:28  Zergling x6  
  53  4:29  Drone x3  
  59  4:32  Queen  
  59  4:37  Spore Crawler  
  60  4:39  Drone x2  
  60  4:40  Spore Crawler  
  60  4:44  Drone  
  62  4:47  Drone  
  62  4:52  Evolution Chamber x2  
  62  4:53  Drone x4  
  62  4:58  Drone  
  66  5:04  Drone  
  67  5:09  Zergling x2  
  67  5:10  Zergling x8  
  67  5:13  Overseer  
  72  5:18  Drone x2  
  73  5:24  Drone  
  67  5:30  Drone x5  
  67  5:38  Drone x2  
  67  5:39  Centrifical Hooks  
  67  5:40  Zerg Ground Armor Level 1, Zerg Melee Weapons Level 1  
  67  5:41  Drone x3  
  72  5:43  Drone  
  72  5:49  Drone  
  74  5:55  Overlord  
  74  5:58  Extractor  
  73  6:05  Drone x2, Hatchery  
  73  6:07  Overlord x2  
  73  6:11  Extractor  
  73  6:18  Drone x9  
  82  6:29  Drone x5  
  82  6:32  Hydralisk Den, Extractor  
  85  6:42  Zergling x6  
  87  6:49  Zergling x14  
  87  6:50  Baneling x4  
  94  6:57  Overlord  
  94  6:58  Overlord x2  
  94  7:07  Muscular Augments  
  94  7:09  Hydralisk x2  
  94  7:10  Overlord  
  94  7:12  Overseer  
  94  7:13  Baneling  
  94  7:14  Baneling x3  
  98  7:21  Hydralisk x7  
  111  7:29  Baneling x2  
  112  7:30  Zergling x14  
  112  7:35  Hydralisk x2  
  120  7:38  Drone  
  120  7:40  Zerg Ground Armor Level 2  
  121  7:46  Drone x4  
  125  7:55  Overlord  
  125  8:01  Drone x3, Overlord  
  125  8:03  Zerg Melee Weapons Level 2  
  125  8:05  Infestation Pit  
  127  8:11  Overlord  
  127  8:12  Overlord x2  
  125  8:13  Drone x6  
  125  8:14  Drone  
  125  8:19  Grooved Spines  
  132  8:20  Overlord  
  132  8:23  Baneling x4  
  132  8:24  Hydralisk x3  
  132  8:26  Drone x2  
  140  8:28  Extractor  
  139  8:36  Zergling x16  
  147  8:48  Hive  
  147  8:56  Zergling x30  
  162  9:09  Zergling x18  
  171  9:11  Baneling x3  
  171  9:12  Baneling x7, Overlord  
  159  9:26  Zergling x14  
  143  9:33  Zergling x6  
  143  9:34  Hatchery  
  145  9:40  Drone x2  
  145  9:43  Extractor  
  146  9:45  Evolution Chamber  
  146  9:49  Drone x3  
  146  9:50  Drone x9  
  157  10:01  Zergling x8, Hatchery  
  160  10:07  Hatchery  
  160  10:08  Zerg Ground Armor Level 3  
  160  10:09  Viper  
  160  10:10  Viper x3  
  160  10:12  Baneling x10  
  169  10:21  Baneling x2  
  169  10:22  Baneling x2  
  169  10:25  Zerg Missile Weapons Level 1, Zerg Melee Weapons Level 3  
  169  10:26  Viper  
  170  10:36  Overlord x4  
  170  10:44  Zergling x2  
  170  10:45  Zergling x8  
  173  10:58  Zergling x32  
  189  11:12  Zergling x22  
  198  11:21  Drone x2  
  200  11:26  Overlord  
  196  11:33  Overlord  
  196  11:39  Zergling x10, Spore Crawler  
  200  11:41  Baneling x10  
  200  11:42  Overseer  
  200  11:43  Overseer x2  
  197  12:08  Zergling x6  
  197  12:15  Zergling x28  
  188  12:16  Zergling x6  
  188  12:21  Zergling x10  
  196  12:24  Queen, Zerg Missile Weapons Level 2  
  198  12:36  Zergling x6  
  180  12:49  Zergling x30  
  180  12:52  Baneling x17  
  180  12:55  Hydralisk x7  
  185  12:58  Hydralisk x4  
  187  13:06  Zergling x10  
  189  13:18  Hydralisk x6  
  194  13:23  Hydralisk x3  
  191  13:29  Zergling x2  
  191  13:30  Zergling x8  
  191  13:31  Adrenal Glands  
  192  13:35  Hydralisk x3  
  192  13:36  Hydralisk  
  200  13:42  Baneling x28  
  200  13:49  Overlord x2  
  200  13:50  Pneumatized Carapace, Overlord  
  200  13:51  Overlord  
  200  13:52  Burrow  
  200  14:07  Zergling x10  
  197  14:10  Spore Crawler  
  190  14:28  Zergling x24  
  190  14:29  Zergling x8  
  193  14:36  Hydralisk  
  193  14:37  Hydralisk x9  
  185  14:42  Zergling x2  
  185  14:43  Zergling x12  
  183  14:50  Spore Crawler  
Tags
 
Add a new tag
Caveats
  • Supply blocks, unpowered buildings, or Contaminate may cause inaccurate times.
  • Supply counts are checked every 10 seconds.